 Dungeon Crawl Stone Soup version 0.18.1-48-g4cf74bf (webtiles) character file.

107 Jerry the Covered (level 4, -4/39 HPs)
             Began as a Hill Orc Fighter on Aug 5, 2016.
             Killed by nerve-wracking pain
             ... invoked by Grinder
              (12 damage)
             ... on level 3 of the Dungeon.
             The game lasted 00:06:05 (1654 turns).

Jerry the Covered (Hill Orc Fighter)                Turns: 1654, Time: 00:06:06

Health: -4/39      AC:  8    Str: 18    XL:     4   Next: 85%
Magic:  4/4        EV:  5    Int:  9    God:
Gold:   99         SH: 15    Dex: 10    Spells: 0 memorised, 3 levels left

rFire  . . .     SeeInvis .     a - +0 war axe
rCold  . . .     Gourm    .     b - +0 scale mail
rNeg   . . .     Faith    .     B - +2 large shield
rPois  .         Spirit   .     j - +0 helmet
rElec  .         Dismiss  .     (no cloak)
rCorr  .         Reflect  .     (no gloves)
SustAt .         Harm     .     (no boots)
MR     .....     Rnd*Tele +     t - amulet of regeneration
Stlth  ..........               (no ring)
                                n - ring of teleportation (curse)

@: lethally poisoned (-4 -> -4), not resistant to hostile enchantments,
extremely unstealthy
A: no striking features
a: no special abilities


You were on level 3 of the Dungeon.
You were hungry.

You visited 1 branch of the dungeon, and saw 3 of its levels.

You collected 99 gold pieces.

Inventory:

Hand Weapons
 a - a +0 war axe (weapon)
 w - a +0 blowgun
Missiles
 y - 9 poisoned needles
Armour
 b - a +0 scale mail (worn)
 c - a +0 shield
 j - a +0 helmet (worn)
 B - a +2 large shield (worn)
Jewellery
 n - a cursed ring of teleportation (left hand)
 t - an amulet of regeneration (around neck)
Wands
 x - a wand of random effects (27/48)
Scrolls
 i - 2 scrolls of random uselessness {unknown}
 o - a scroll of identify {unknown}
 p - 3 scrolls of remove curse {unknown}
 q - a scroll of fog {unknown}
 v - a scroll of recharging {unknown}
 A - a scroll of teleportation {unknown}
Potions
 d - a potion of might
 e - a potion of cure mutation {unknown}
 h - a potion of lignification {unknown}
 k - a potion of agility {unknown}
 l - a potion of berserk rage {unknown}
 m - a potion of resistance {unknown}
 s - a potion of invisibility {unknown}
 u - a potion of degeneration {unknown}
 z - a potion of magic {unknown}
Comestibles
 f - 4 bread rations
 g - 4 meat rations
 r - a royal jelly


   Skills:
 - Level 3.6 Fighting
 + Level 4.5 Axes
 + Level 5.0 Armour
 - Level 3.2 Shields


You had 3 spell levels left.
You didn't know any spells.

Dungeon Overview and Level Annotations

Branches:
Dungeon (3/15)

Altars:

Annotations:
D:3 Grinder


Message History

You hit the giant cockroach.
The giant cockroach is heavily wounded.
You block the giant cockroach's attack. Grinder gestures at you.
Pain shoots through your body!
* * * LOW HITPOINT WARNING * * *
Drink which item? (? for menu, Esc to quit)
Okay, then.
Read which item? (? for menu, Esc to quit)
Okay, then.
You feel sick.
Grinder blinks!
The giant cockroach bites you but does no damage.
Grinder gestures at you. Pain shoots through your body!
* * * LOW HITPOINT WARNING * * *
You see here a goblin corpse.
You feel sick. Grinder gestures at you. Pain shoots through your body!
You die...

####### .....###### #
#.........# ### #
#####.#...###.# ##.####
.......#.#.##.#########.#....
#......%sSs†@............(...
..####.#.#5##.##########.#...
#.....###.# ########.#.##
#.##....... .......(..... #S
#.####.#####.#.##.#.#. #. #.#
#.# (. #.#.#. . ..# ..# ####
#.#.#. . .### #.. #..#.#.#. .
#.. #.......


You could see Grinder, an adder and 2 giant cockroaches.

Vanquished Creatures
  A worker ant (D:3)
  2 adders
  3 dart slugs
  4 ball pythons (D:1)
  4 giant cockroaches
  6 goblins
  8 hobgoblins
  A quokka (D:2)
  4 bats
  4 giant newts
  7 kobolds
  14 rats
  A plant (D:1)
59 creatures vanquished.

Notes
Turn   | Place    | Note
--------------------------------------------------------------
     0 | D:1      | Jerry the Hill Orc Fighter began the quest for the Orb.
     0 | D:1      | Reached XP level 1. HP: 19/19 MP: 1/1
    72 | D:1      | Reached XP level 2. HP: 25/26 MP: 2/2
   300 | D:1      | Reached XP level 3. HP: 30/31 MP: 3/3
   301 | D:1      | Reached skill level 4 in Armour
  1170 | D:2      | Reached XP level 4. HP: 39/39 MP: 4/4
  1644 | D:3      | Reached skill level 5 in Armour
  1645 | D:3      | Noticed Grinder
  1654 | D:3      | Killed from afar by Grinder

Skill      XL: |  1  2  3  4 |
---------------+-------------+-----
Axes           | 3 4 |  4.5
Armour         | 4 5 |  5.0
Fighting       | |  3.6
Shields        | |  3.2

Action                   |  1- 3 |  4- 6 || total
-------------------------+-------+-------++-------
Melee: War axe           |   148 |    51 ||   199
  Eat: Chunk             |     1 |     1 ||     2
Armor: Scale mail        |    73 |    26 ||    99
Dodge: Dodged            |    77 |    26 ||   103
Block: Large shield      |       |    10 ||    10
